 Dungeon Crawl Stone Soup version 0.31-a0-1202-ga8fea8b373 (webtiles) character file.

Game seed: 12194862752697715038

158880 inmateoo the Carver (level 17, 0/135 HPs)
             Began as a Mummy Fighter on Dec 12, 2023.
             Was an Initiate of Gozag.
             Slain by a ghost moth (1 damage)
             ... on level 4 of the Spider Nest.
             The game lasted 00:40:49 (33685 turns).

inmateoo the Carver (Mummy Fighter)                Turns: 33685, Time: 00:40:50

Health: 0/135      AC: 22    Str: 23 (26) XL:     17   Next: 15%
Magic:  0/17       EV: 12    Int:  5 (8)  God:    Gozag
Gold:   1768       SH: 18    Dex: 12 (18) Spells: 16/16 levels left

rFire   + + .        b - +9 staff of Olgreb {rPois∞}
rCold   + . .        d - +2 kite shield
rNeg    + + +        x - +1 fire dragon scales of Gravitas {+Blink rF++ rC- Slay+2}
rPois   ∞            m - +0 helmet
rElec   +            v - +2 cloak {rCorr}
rCorr   +            P - +2 pair of gloves {Stlth+}
SInv    .            q - +0 pair of boots
Will    ++...        H - amulet of reflection
Stlth   +            E - +4 ring of slaying
HPRegen 0.42/turn    z - +6 ring of dexterity
MPRegen 0.15/turn

%: reflection, faith
@: resistant, hasted, very quick
A: cold resistance 1, negative energy resistance 3, torment resistance 2, heat
vulnerability 1, in touch with death 2, no potions, faith
a: Renounce Religion, Evoke Blink, Evoke the Staff of Olgreb, Potion Petition,
Call Merchant, Bribe Branch


You were on level 4 of the Spider Nest.
You worshipped Gozag.
Gozag was most pleased with you.
You visited 6 branches of the dungeon, and saw 27 of its levels.
You also visited: Sewer.

You collected 10073 gold pieces.
You spent 3569 gold pieces at shops.
You paid 4736 gold pieces to Gozag.

Inventory:

Hand Weapons
 a - a +4 double sword of chaos
 b - the +9 staff of Olgreb (weapon) {rPois∞}
   (You acquired it on level 1 of the Dungeon)

   Radiate:   It can be activated via the 'a'bility menu to radiate toxic
   energy, with effectiveness depending on Evocations skill.
   Pois:      It enhances your poison magic.
   rPois∞: It grants immunity to poison.
Missiles
 f - 4 curare-tipped darts (quivered)
 t - a throwing net
Armour
 d - a +2 kite shield (worn)
 m - a +0 helmet (worn)
 q - a +0 pair of boots (worn)
 v - a +2 cloak of preservation (worn)
 x - the +1 fire dragon scales of Gravitas (worn) {+Blink rF++ rC- Slay+2}
   (You bought it in a shop on level 1 of the Spider Nest)

   Slay+2:    It affects your accuracy & damage with ranged weapons and melee
   (+2).
   rF++:      It greatly protects you from fire.
   rC-:       It makes you vulnerable to cold.
   +Blink:    It lets you blink.
 P - a +2 pair of gloves of stealth (worn)
Jewellery
 z - a +6 ring of dexterity (right hand)
 A - a ring of ice
 E - a +4 ring of slaying (left hand)
 H - an amulet of reflection (around neck)
 I - the ring of Nemad {Will+ rCorr Dex+5 Slay-5}
   (You found it on level 1 of the Orcish Mines)

   [ring of resist corrosion]

   Dex+5:     It affects your dexterity (+5).
   Slay-5:    It affects your accuracy & damage with ranged weapons and melee
   (-5).
   Will+:     It increases your willpower.
   rCorr:     It protects you from acid and corrosion.
 N - a ring of fire
Wands
 c - a wand of charming (10)
 k - a wand of flame (6)
 y - a wand of roots (17)
 B - a wand of digging (12)
 D - a wand of polymorph (8)
 K - a wand of light (5)
 O - a wand of mindburst (2)
Scrolls
 e - 8 scrolls of vulnerability
 g - 3 scrolls of fear
 i - 9 scrolls of teleportation
 j - 2 scrolls of silence
 l - a scroll of summoning
 n - 11 scrolls of identify
 r - 4 scrolls of poison
 s - 5 scrolls of enchant armour
 w - 2 scrolls of revelation
 C - a scroll of torment
 F - 3 scrolls of amnesia
 G - a scroll of immolation
 J - 3 scrolls of noise
 L - a scroll of blinking
Miscellaneous
 p - a box of beasts
 M - a phantom mirror


   Skills:
 + Level 12.6 Fighting
 * Level 14.2 Long Blades
 - Level 4.0 Staves
 + Level 10.6 Armour
 + Level 10.0 Dodging
 + Level 10.3 Shields
 + Level 11.0 Evocations


You had 16 spell levels left.
You didn't know any spells.
Your spell library contained the following spells:

 Spells                   Type           Power      Damage    Failure   Level
 Apportation              Tloc           0%         N/A       93%         1
 Magic Dart               Conj           0%         1d3       93%         1
 Shock                    Conj/Air       0%         1d3       93%         1
 Summon Small Mammal      Summ           0%         N/A       93%         1
 Blink                    Tloc           0%         N/A       98%         2
 Call Imp                 Summ           0%         N/A       98%         2
 Ensorcelled Hibernation  Hex/Ice        0%         N/A       98%         2
 Jinxbite                 Hex            0%         N/A       98%         2
 Lesser Beckoning         Tloc           0%         N/A       98%         2
 Momentum Strike          Conj/Tloc      0%         3d8       98%         2
 Call Canine Familiar     Summ           0%         N/A       100%        3
 Mephitic Cloud           Conj/Pois/Air  0%         N/A       100%        3
 Ozocubu's Armour         Ice            0%         N/A       100%        3
 Summon Guardian Golem    Hex/Summ       0%         N/A       100%        3
 Swiftness                Air            0%         N/A       100%        3
 Airstrike                Air            0%         2d(0-16)  100%        4
 Anguish                  Hex/Necr       0%         N/A       100%        4
 Summon Ice Beast         Ice/Summ       0%         N/A       100%        4
 Summon Lightning Spire   Summ/Air       0%         N/A       100%        4
 Vhi's Electric Charge    Tloc/Air       0%         N/A       100%        4
 Alistair's Intoxication  Tmut/Pois      0%         N/A       100%        5
 Arcjolt                  Conj/Air       0%         1d10      100%        5
 Freezing Cloud           Conj/Ice/Air   0%         6-21      100%        5
 Irradiate                Conj/Tmut      0%         3d11      100%        5
 Summon Forest            Summ/Tloc      0%         N/A       100%        5
 Summon Mana Viper        Hex/Summ       0%         N/A       100%        5
 Eringya's Noxious Bog    Tmut/Pois      0%         4d6       100%        6
 Summon Cactus Giant      Summ           0%         N/A       100%        6
 Haunt                    Necr/Summ      0%         N/A       100%        7
 Monstrous Menagerie      Summ           0%         N/A       100%        7
 Ozocubu's Refrigeration  Ice            0%         4d7       100%        7
 Summon Hydra             Summ           0%         N/A       100%        7
 Maxwell's Capacitive Co  Air            0%         ∞         100%        8
 Chain Lightning          Conj/Air       0%         N/A       100%        9
 Wereblood                Tmut           Unusable   N/A       N/A         2
 Borgnjor's Revivificati  Necr           Unusable   N/A       N/A         8
 Death's Door             Necr           Unusable   N/A       N/A         9

Dungeon Overview and Level Annotations

Branches:
Dungeon (14/15)            Temple (1/1) D:6            Lair (5/5) D:8
  Swamp (1/4) Lair:3       Spider (4/4) Lair:2        Slime (0/5) Lair:5
    Orc (2/2) D:11            Elf (0/3) Orc:2        Vaults (0/5) D:13
  Sewer (visited)

Altars:
Ashenzari
Cheibriados
Dithmenos
Fedhas
Gozag
Hepliaklqana
Kikubaaqudgha
Makhleb
Nemelex Xobeh
Okawaru
Qazlal
Ru
Sif Muna
Trog
Uskayaw
Vehumet
Wu Jian
Xom
Yredelemnul

Shops:
D:5 !   D:7 :   D:13 [   Orc:2 :(*[   Spider:1 *   Spider:3 [[[

Annotations:
Lair:5 exclusion: oklob plant


Innate Abilities, Weirdness & Mutations

You are immune to poison.
Your flesh is cold resistant. (rC+)
You are immune to negative energy. (rN+++)
You are immune to unholy pain and torment.
You are vulnerable to heat. (rF-)
You are strongly in touch with the powers of death.
You do not drink.
You have a special connection with the divine. (Faith)


Message History

Something hits you.
* * * LOW HITPOINT WARNING * * *
Something hits you but does no damage.
Something stings you but does no damage.
The sun moth is distracted by your dazzling golden aura.
You see here 6 gold pieces.
You enter the shallow water.
Moving in this stuff is going to be slow.
You feel you are being watched by something.
You feel your power leaking away. Something hits you but does no damage.
Something hits you.
* * * LOW HITPOINT WARNING * * *
Something stings you but does no damage.
As you read the scroll of fear, it crumbles to dust.
You assume a fearsome visage.
The sun moth looks frightened!
The sun moth is no longer distracted by gold.
You feel you are being watched by something.
Something hits you but does no damage. Something hits you!
* * * LOW HITPOINT WARNING * * *
You block something's attack.
You feel you are being watched by something.
You block something's attack. Something hits you but does no damage.
Something stings you but does no damage.
Something hits you!
* * * LOW HITPOINT WARNING * * *
You block something's attack.
Something stings you but does no damage.
You can't drink.
Unknown command. [a] - 672 gold - resistance, might and haste [b] - 440 gold - haste and resistance [c] - 315 gold - haste and enlightenment Purchase which effect?
You feel yourself speed up.
You feel protected. You block something's attack. x3
You feel you are being watched by something.
Something hits you but does no damage. Something hits you.
You die...
Your body crumbles into a pile of gold.

.^.^....#^####...#
####.......
.....##.### ##.##
### ####'''#
......### ###
###.### #'''#
....###
###~~...####...#
[.###
###~...~..~##~...~
.##
##~.~.^.##~..~##~..
##
##$...~#####..^##...
#~^.~### #........
#~.@~## ##~~...~.
##~~{.###...###~~~##
###$..~~~.. #####
#$..~~### ##~..$.#
#.~.~# ##~.?# ~...
.y.


There were no monsters in sight!

Vanquished Creatures
  Arachne (Spider:3)
  Frances (D:14)
  An emperor scorpion (Spider:3)
  5 ghost moths
  2 orc warlords
  The ghost of Hiworyng the Fighter, a journeyman DsEE of Vehumet (Orc:1)
  A broodmother (Spider:3)
  2 spark wasps (Spider:4)
  The ghost of Ysump the Impaler, a journeyman MiFi of Lugonu (D:13)
  Snorg (D:13)
  An ettin (Orc:2)
  An entropy weaver (shapeshifter) (D:13)
  4 entropy weavers
  8 hydras
  6 vault guards (D:13)
  A great orb of eyes (D:14)
  3 jorogumos
  2 catoblepae (Lair:5)
  4 two-headed ogres
  A ghost crab (Lair:3)
  2 radroaches
  5 boulder beetles
  A tengu warrior (D:13)
  23 death yaks
  5 demonic crawlers
  Urug (Lair:4)
  5 orc high priests (Orc:2)
  6 pharaoh ants
  4 skysharks
  2 spectral death yaks (Lair:3)
  Lodul (D:13)
  6 orb spiders
  A lindwurm (Lair:5)
  A spectral wolf spider (Spider:3)
  4 steelbarb worms
  3 deep elf pyromancers
  16 wolf spiders
  2 wolf spider zombies (Spider:3)
  3 orc knights
  4 ugly things
  3 moths of wrath
  4 orc sorcerers (Orc:2)
  2 cyclopes (D:13)
  2 manticores (Lair:5)
  21 elephants
  2 gargoyles (D:13)
  5 cane toads
  4 black mambas
  A torpor snail (Lair:5)
  Jeremiah (Lair:1)
  3 unseen horrors (D:11)
  4 rime drakes
  6 komodo dragons
  9 meliai
  4 polar bears
  10 trolls
  A tarantella (shapeshifter) (D:14)
  2 wolf spider simulacra (Spider:3)
  A hornet (D:6)
  13 blink frogs
  A spectral dream sheep (Lair:3)
  16 tarantellas
  6 dream sheep
  20 jumping spiders
  17 culicivoras
  6 wyverns
  Sigmund (D:2)
  A spriggan (Lair:4)
  2 wraiths
  3 water elementals (D:13)
  51 yaks
  14 slime creatures
  2 steam dragons
  5 humans (D:13)
  5 basilisks
  49 redbacks
  7 vampire mosquitoes
  3 wargs
  2 acid dragons
  11 water moccasins
  5 black bears
  31 orc warriors
  2 sky beasts
  5 ice beasts
  12 wolves
  14 ogres
  11 centaurs
  2 phantoms
  4 kobold brigands
  2 brain worms (Sewer)
  A gnoll sergeant (D:6)
  10 bullfrogs
  A water moccasin zombie (D:4)
  2 scorpions
  10 wights
  18 killer bees
  9 howler monkeys
  6 electric eels
  4 hounds
  A bullfrog zombie (D:4)
  A bullfrog skeleton (D:4)
  11 jellies
  A gnoll bouda (D:7)
  31 orc priests
  A sleepcap (D:8)
  2 scorpion zombies (D:4)
  An iguana (D:7)
  40 orc wizards
  A spectral orc (Orc:1)
  A hound skeleton (D:4)
  9 gnolls
  18 adders
  4 river rats
  6 ufetubi
  An orc simulacrum (Orc:1)
  2 adder skeletons (D:4)
  3 adder zombies (D:4)
  4 worms
  3 dart slugs
  78 orcs
  6 ball pythons (D:1)
  7 endoplasms
  3 giant cockroaches
  9 goblins
  4 hobgoblins
  6 quokkas
  7 bats
  5 frilled lizards
  A jackal zombie (D:4)
  18 kobolds
  12 rats
908 creatures vanquished.

Vanquished Creatures (collateral kills)
  A death yak (Lair:4)
  5 spectral wolf spiders (Spider:3)
  2 wolf spider zombies (Spider:3)
  A black mamba (Lair:1)
  A cane toad (Lair:1)
  A wolf spider simulacrum (Spider:3)
  2 yaks (Lair:1)
  A vampire mosquito (D:11)
  An acid dragon (D:11)
  A spectral ogre (Orc:1)
  2 spectral orcs (Orc:1)
  4 adders (Lair:1)
  2 orc simulacra (Orc:1)
24 creatures vanquished.

Vanquished Creatures (others)
  A broodmother (Spider:1)
  A vault guard (D:13)
  A sun moth (Spider:4)
  A deep elf pyromancer (D:14)
4 creatures vanquished.

Grand Total: 936 creatures vanquished

Notes
Turn   | Place    | Note
-------+----------+-------------------------------------------
     0 | D:1      | inmateoo the Mummy Fighter began the quest for the Orb.
     0 | D:1      | Reached XP level 1. HP: 18/18 MP: 1/1
   139 | D:1      | Reached XP level 2. HP: 24/24 MP: 2/2
   199 | D:1      | Reached skill level 2 in Long Blades
   374 | D:1      | Reached XP level 3. HP: 25/29 MP: 3/3
   687 | D:2      | Reached XP level 4. HP: 12/35 MP: 4/4
   905 | D:2      | Noticed Sigmund
   939 | D:1      | Identified a scroll of acquirement
   939 | D:1      | Acquired the +9 staff of Olgreb {rPois∞}
   939 | D:1      | Found the +9 staff of Olgreb {rPois∞}
  1051 | D:2      | Killed Sigmund
  1052 | D:2      | Reached skill level 3 in Long Blades
  1052 | D:2      | Reached skill level 1 in Dodging
  1052 | D:2      | Reached XP level 5. HP: 30/42 MP: 1/5
  1648 | D:3      | Reached XP level 6. HP: 48/48 MP: 6/6
  1876 | D:3      | Found a hide-covered altar of Uskayaw.
  1878 | D:3      | Found a hazy altar of Hepliaklqana.
  1878 | D:3      | Found a broken altar of Ashenzari.
  1879 | D:3      | Found a snail-covered altar of Cheibriados.
  1880 | D:3      | Found a basalt altar of Yredelemnul.
  2584 | D:4      | Reached skill level 1 in Evocations
  2806 | D:4      | You fall into a shaft and drop 2 floors!
  2835 | D:6      | Reached XP level 7. HP: 34/54 MP: 7/7
  2933 | D:6      | Reached skill level 4 in Long Blades
  3319 | D:6      | Reached XP level 8. HP: 28/61 MP: 5/8
  3475 | D:6      | Found a staircase to the Ecumenical Temple.
  3494 | Temple   | Entered the Ecumenical Temple
  3510 | Temple   | Became a worshipper of Gozag Ym Sagoz the Greedy
  3682 | D:6      | Noticed a hornet
  3692 | D:6      | Killed a hornet
  3905 | D:6      | Found an ancient bone altar of Kikubaaqudgha.
  3905 | D:6      | Found a shimmering blue altar of Sif Muna.
  3907 | D:6      | Found a radiant altar of Vehumet.
  4114 | D:5      | Entered Level 5 of the Dungeon
  4130 | D:5      | Reached skill level 5 in Fighting
  4202 | D:5      | Found Godagronik's Distillery.
  4357 | D:5      | Reached skill level 5 in Long Blades
  4390 | D:5      | Found a glowing drain.
  4394 | Sewer    | Entered a sewer
  5128 | D:4      | Reached XP level 9. HP: 33/68 MP: 3/9
  5657 | D:7      | Found Xedghueb's Book Shop.
  5858 | D:7      | Identified the +1 robe of Truth {rF+ Int+4}
  6245 | D:7      | Reached skill level 6 in Long Blades
  6362 | D:8      | Noticed a rime drake
  6370 | D:8      | Killed a rime drake
  6371 | D:8      | Reached skill level 5 in Evocations
  6379 | D:8      | Reached skill level 5 in Armour
  6389 | D:7      | Reached XP level 10. HP: 33/76 MP: 4/10
  6582 | D:8      | Reached skill level 5 in Shields
  6624 | D:8      | Found a staircase to the Lair.
  6772 | D:8      | Identified the +3 mace of Ynumu {drain, rPois Dex+3}
  7866 | D:9      | Reached skill level 7 in Long Blades
  8223 | D:9      | Reached skill level 1 in Staves
  8347 | D:10     | Entered Level 10 of the Dungeon
  8359 | D:10     | Found an iron altar of Okawaru.
  8360 | D:10     | Found a stormy altar of Qazlal.
  9178 | D:10     | Reached XP level 11. HP: 58/83 MP: 11/11
  9488 | D:11     | Noticed a two-headed ogre
  9500 | D:11     | Killed a two-headed ogre
  9816 | D:11     | Noticed a two-headed ogre
  9832 | D:11     | Killed a two-headed ogre
  9978 | D:11     | Reached skill level 5 in Dodging
 10166 | D:11     | Noticed a two-headed ogre
 10177 | D:11     | Reached skill level 8 in Long Blades
 10181 | D:11     | Killed a two-headed ogre
 10247 | D:11     | Found a staircase to the Orcish Mines.
 10428 | D:12     | Noticed a purple ugly thing
 10665 | Lair:1   | Entered Level 1 of the Lair of Beasts
 11109 | Lair:1   | Reached XP level 12. HP: 65/92 MP: 5/12
 11163 | Lair:1   | Noticed Jeremiah
 11178 | Lair:1   | Killed Jeremiah
 12043 | Lair:2   | Noticed an eight-headed hydra
 12056 | Lair:2   | Reached skill level 9 in Long Blades
 12058 | Lair:2   | Killed an eight-headed hydra
 12786 | Lair:2   | Found a hole to the Spider Nest.
 13210 | Lair:3   | Gained mutation: You are strongly in touch with the powers
                  | of death. [Mummy growth]
 13210 | Lair:3   | Reached XP level 13. HP: 85/100 MP: 13/13
 13623 | Lair:3   | Found a staircase to the Swamp.
 13637 | Lair:3   | Reached skill level 10 in Long Blades
 14397 | Lair:3   | Identified the +9 flail of Premature Burial {elec, rF+
                  | Int+3 Dex-3}
 15549 | Lair:4   | Noticed Urug
 15575 | Lair:4   | Killed Urug
 16129 | Lair:4   | Identified the +3 leather armour "Kimiq" {Dex+3}
 16225 | Lair:5   | Entered Level 5 of the Lair of Beasts
 16225 | Lair:5   | Found a staircase to the Slime Pits.
 16602 | Lair:5   | Reached XP level 14. HP: 92/109 MP: 9/14
 16608 | Lair:5   | Reached skill level 11 in Long Blades
 16867 | Lair:5   | Reached skill level 10 in Fighting
 17864 | Lair:5   | Got Sif Muna's Catalogue of Command
 20242 | D:13     | Reached skill level 12 in Long Blades
 20742 | D:13     | Reached XP level 15. HP: 100/117 MP: 11/15
 20851 | D:13     | Noticed Snorg
 21004 | D:13     | Killed Snorg
 21287 | D:13     | Found Fuuniful's Armour Emporium.
 21672 | D:13     | Found a gate to the Vaults.
 21807 | D:13     | Found a runed translucent gate.
 21807 | D:13     | Found a runed translucent gate.
 21807 | D:13     | Found a runed translucent gate.
 21810 | D:13     | Noticed Ysump's ghost (journeyman MiFi)
 21840 | D:13     | Killed Ysump's ghost
 21980 | D:14     | Noticed Frances
 21985 | D:14     | Noticed Lodul
 21990 | D:14     | Killed Frances
 22180 | D:13     | Killed Lodul
 22988 | Orc:1    | Entered Level 1 of the Orcish Mines
 23269 | Orc:1    | Found a runed translucent gate.
 23269 | Orc:1    | Found a runed translucent gate.
 23269 | Orc:1    | Found a runed translucent gate.
 23270 | Orc:1    | Noticed Hiworyng's ghost (journeyman DsEE)
 23592 | Orc:1    | Killed Hiworyng's ghost
 23595 | Orc:1    | Reached skill level 10 in Evocations
 23624 | Orc:1    | Identified the ring of Nemad {Will+ rCorr Dex+5 Slay-5}
 23688 | Orc:2    | Entered Level 2 of the Orcish Mines
 23698 | Orc:2    | Found a staircase to the Elven Halls.
 25455 | Orc:2    | Found Nemyto Inum's General Store.
 25456 | Orc:2    | Found Isegaq's Book Shoppe.
 25458 | Orc:2    | Found Poica's Antique Armour Emporium.
 25458 | Orc:2    | Found Saboer's Antique Weapon Emporium.
 25463 | Orc:2    | Bought a heavily runed scale mail for 252 gold pieces
 25463 | Orc:2    | Identified the +1 scale mail of Kuzenug {Str+2 Int+3
                  | Slay+3} (You bought it in a shop on level 2 of the Orcish
                  | Mines)
 25473 | Orc:2    | Bought the +0 plate armour "Jaerur" {Will+ Regen+} for 498
                  | gold pieces
 25473 | Orc:2    | Bought a scroll of teleportation for 42 gold pieces
 25784 | Swamp:1  | Entered Level 1 of the Swamp
 25828 | Spider:1 | Entered Level 1 of the Spider Nest
 26043 | Spider:1 | Reached skill level 13 in Long Blades
 26127 | Spider:1 | Bought masterwork fire dragon scales for 1170 gold pieces
 26127 | Spider:1 | Identified the +1 fire dragon scales of Gravitas {+Blink
                  | rF++ rC- Slay+2} (You bought it in a shop on level 1 of the
                  | Spider Nest)
 26127 | Spider:1 | Bought an ichor-stained buckler for 171 gold pieces
 26127 | Spider:1 | Identified the +0 buckler of Nucsus {Stlth+} (You bought it
                  | in a shop on level 1 of the Spider Nest)
 26127 | Spider:1 | Bought a scroll of fear for 72 gold pieces
 26127 | Spider:1 | Bought a scroll of blinking for 135 gold pieces
 26417 | Spider:1 | Reached XP level 16. HP: 99/127 MP: 7/16
 28144 | Spider:2 | Reached skill level 10 in Armour
 29255 | Spider:3 | Noticed Arachne
 29289 | Spider:3 | Killed Arachne
 29405 | Spider:3 | Got Jiwuo's Encyclopedia of Aeromancy
 30216 | Spider:3 | Reached skill level 10 in Shields
 31889 | Spider:3 | Reached skill level 14 in Long Blades
 32009 | Spider:3 | Bought a pair of glowing gloves for 232 gold pieces
 32022 | Spider:3 | Bought a bloodstained chain mail for 323 gold pieces
 32022 | Spider:3 | Identified the +0 chain mail of Eternal Vigilance {Will+
                  | Dex+4} (You bought it in a shop on level 3 of the Spider
                  | Nest)
 32359 | Spider:3 | Bought an embroidered cloak for 142 gold pieces
 32370 | Spider:3 | Bought a pitted plate armour for 532 gold pieces
 32370 | Spider:3 | Identified the +7 plate armour "Viwosh" {Harm *Corrode +Inv
                  | Dex+5} (You bought it in a shop on level 3 of the Spider
                  | Nest)
 32378 | Spider:4 | Entered Level 4 of the Spider Nest
 32830 | Spider:4 | Reached XP level 17. HP: 112/135 MP: 17/17
 33201 | Spider:4 | Reached skill level 10 in Dodging
 33684 | Spider:4 | HP: 1/135 [something (9)]
 33685 | Spider:4 | Slain by a ghost moth

Illustrated notes

Levels and vault maps discovered:
D:1:      lemuel_arrival_funnel, layout_rooms, minmay_misc_feat_plants
D:2:      layout_basic, uniq_sigmund
D:3:      layout_loops_ring, grunt_temple_overflow_open, serial_forest,
          infiniplex_forest_clump_large, infiniplex_forest_corner_2,
          infiniplex_forest_end_3, infiniplex_forest_clump_long,
          infiniplex_forest_clump_curved, infiniplex_forest_lined_corner,
          grunt_decor_fettered
D:4:      layout_loops_ring, serial_undead, serial_undead_f, serial_undead_f,
          serial_undead_a, serial_undead_d, serial_undead_b, chequers_jeans
D:5:      layout_gridville, serial_shops, shop, gup_sewer_entry_spiral
D:6:      layout_basic, grunt_temple_overflow_magic_moments,
          minmay_temple_entry_purple_smoke
D:7:      layout_cave_pools, serial_shops, nicolae_diamond_shop
D:8:      layout_basic, hellmonk_lair_entry_icy, minivault_26,
          roderic_roman_lattice
D:9:      layout_big_octagon
D:10:     layout_irregular_city, chequers_temple_overflow_statue_of_worship
D:11:     layout_rooms, erik_orc_4, grunt_tough_drop
D:12:     layout_rooms
D:13:     layout_basic, ximxim_vaults_locker_room, ebering_ghost_rock_garden,
          nicolae_wooded_promenade, uniq_snorg
D:14:     gammafunk_jiyva_shrine, layout_basic, serial_glass, glass_columns_a,
          glass_columns_b, due_unseen_surprise, wad_floor_pattern_2, kb_rosetta,
          uniq_frances, uniq_lodul
Temple:   hc_temple_tempest_star
Lair:1:   minmay_lair_venomous_thicket, layout_gridlike, special_room,
          uniq_jeremiah
Lair:2:   layout_layer_cave, spider_nest_entry_rubble, grunt_megastairs_3
Lair:3:   layout_cave_pods, nicolae_swamp_entry_spooky,
          infiniplex_staircase_pool
Lair:4:   layout_loops_ring, forest_entry_grove, serial_bayou_shore_b, uniq_urug
Lair:5:   hangedman_lair_in_review, layout_small_grid,
          nicolae_slime_entry_slimehenge, gammafunk_lair_bear_cave
Swamp:1:  layout_basic_swamp, hangedman_swamp_blocks, nicolae_swamp_long_stream,
          uniq_nikola, uniq_mlioglotl
Spider:1: layout_spider_delve
Spider:2: layout_spider_delve
Spider:3: nicolae_spider_hilbert_zone_3 [nicolae_spider_hilbert_4_sides_2_open,
          nicolae_spider_hilbert_3_sides_1_open,
          nicolae_spider_hilbert_3_sides_1_open,
          nicolae_spider_hilbert_3_sides_1_open,
          nicolae_spider_hilbert_3_sides_1_open,
          nicolae_spider_hilbert_4_sides_1_open,
          nicolae_spider_hilbert_4_sides_1_open,
          nicolae_spider_hilbert_4_sides_1_open,
          nicolae_spider_hilbert_4_sides_1_open,
          nicolae_spider_hilbert_4_sides_1_open,
          nicolae_spider_hilbert_4_sides_1_open,
          nicolae_spider_hilbert_4_sides_1_open,
          nicolae_spider_hilbert_4_sides_1_open,
          nicolae_spider_hilbert_3_sides_1_open,
          nicolae_spider_hilbert_3_sides_1_open,
          nicolae_spider_hilbert_3_sides_1_open,
          nicolae_spider_hilbert_3_sides_1_open],
          nicolae_spider_undead_wolf_pack, uniq_arachne
Spider:4: spider_rune_water
Orc:1:    layout_caves, gammafunk_ghost_necromancy
Orc:2:    st_orc_congregation, layout_caves

Skill      XL: |  1  2  3  4  5  6  7  8  9 10 11 12 13 14 15 16 17 |
---------------+----------------------------------------------------+-----
Long Blades    | 2 3 4 5 6 7 8 9 10 12 13 14 | 14.2
Armour         | 3 4 5 6 7 8 9 10 | 10.6
Dodging        | 1 2 3 4 5 6 7 8 9 10 | 10.0
Shields        | 3 4 5 6 7 8 9 10 | 10.3
Evocations     | 1 2 4 5 6 7 8 9 10 11 | 11.0
Fighting       | 4 5 6 7 8 9 10 11 12 | 12.6
Staves         | 1 3 4 |  4.0

Action                     |  1- 3 |  4- 6 |  7- 9 | 10-12 | 13-15 | 16-18 || total
---------------------------+-------+-------+-------+-------+-------+-------++-------
  Melee: Long sword        |   122 |     9 |       |       |       |       ||   131
         Staff             |       |   137 |   301 |   479 |   821 |   418 ||  2156
         Double sword      |       |       |       |       |    92 |    10 ||   102
 Invoke: Potion Petition   |       |       |       |     1 |       |     1 ||     2
         Call Merchant     |       |       |       |       |     1 |     3 ||     4
Ability: Evoke the Staff o |       |     4 |    16 |    51 |   102 |    53 ||   226
  Evoke: Wand              |       |       |       |    11 |    49 |     1 ||    61
         Box of beasts     |       |       |       |       |     4 |     1 ||     5
         Phantom mirror    |       |       |       |       |       |     1 ||     1
    Use: Scroll            |     5 |     4 |     2 |     6 |     8 |     3 ||    28
   Stab: Sleeping          |       |       |     1 |       |       |       ||     1
         Distracted        |       |       |       |     1 |     7 |     5 ||    13
         Invisible         |       |       |       |     1 |       |       ||     1
         Petrified         |       |       |       |       |     5 |       ||     5
 Armour: Scale mail        |    35 |       |       |       |       |       ||    35
         Chain mail        |    77 |    96 |   199 |    76 |       |       ||   448
         Plate armour      |       |       |       |   386 |   727 |       ||  1113
         Fire dragon scale |       |       |       |       |    13 |   551 ||   564
  Dodge: Dodged            |    59 |    45 |    83 |   163 |   292 |   288 ||   930
  Block: Buckler           |    25 |    25 |     2 |       |       |       ||    52
         Kite shield       |       |       |   174 |   382 |  1053 |   597 ||  2206
         Reflection        |       |       |       |       |    14 |     5 ||    19

Table legend: (Time is in decaauts)
 A = Elapsed time spent in this place.
 B = Non-inter-level travel time spent in this place.
 C = Inter-level travel time spent in this place.
 D = Time resting spent in this place.
 E = Time spent auto-exploring this place.
 F = Levels seen in this place.
 G = Mean time per level.
                   A        B        C        D        E       F      G
               +--------+--------+--------+--------+--------+-----+--------+
         Total |  34241 |  32616 |   1625 |  12156 |  13525 |  28 | 1222.9 |
       Dungeon |  15150 |  14178 |    972 |   4810 |   5798 |  14 | 1082.1 |
        Temple |     31 |      2 |     29 |      0 |      0 |   1 |   31.0 |
          Lair |   8168 |   7771 |    397 |   2449 |   3956 |   5 | 1633.6 |
         Swamp |      1 |      1 |      0 |      0 |      0 |   1 |    1.0 |
   Spider Nest |   7902 |   7754 |    148 |   3794 |   2592 |   4 | 1975.5 |
  Orcish Mines |   2599 |   2523 |     76 |   1103 |    938 |   2 | 1299.5 |
         Sewer |    387 |    387 |      0 |      0 |    240 |   1 |  387.0 |
               +--------+--------+--------+--------+--------+-----+--------+

Top non-repeatable levels by time:
Spider:3: 2774 daAuts
  Lair:5: 2322 daAuts
    D:13: 2277 daAuts
    D:11: 2238 daAuts
Spider:2: 2122 daAuts
  Lair:3: 1882 daAuts
Spider:1: 1690 daAuts
  Lair:1: 1625 daAuts
   Orc:1: 1498 daAuts
    D:10: 1488 daAuts
  Lair:4: 1415 daAuts
     D:6: 1362 daAuts
Spider:4: 1315 daAuts
     D:8: 1291 daAuts
   Orc:2: 1101 daAuts
